 Dungeon Crawl Stone Soup version 0.18.1-47-g9310371 (webtiles) character file.

95 Gargoylian the Skirmisher (level 4, -1/36 HPs)
             Began as a Demonspawn Abyssal Knight on June 21, 2016.
             Was a Believer of Lugonu.
             Slain by an orc wizard
             ... wielding a +0 dagger
              (3 damage)
             ... on level 3 of the Dungeon.
             The game lasted 00:04:28 (2768 turns).

Gargoylian the Skirmisher (DsAK)                    Turns: 2768, Time: 00:04:29

Health: -1/36      AC:  6    Str: 10 (13) XL:     4   Next: 40%
Magic:  5/5        EV: 10    Int: 12 (13) God:    Lugonu [**....]
Gold:   145        SH:  0    Dex: 12 (13) Spells: 0 memorised, 3 levels left

rFire  . . .     SeeInvis .     a - +1 hand axe
rCold  . . .     Gourm    .     e - +0 ring mail
rNeg   . . .     Faith    .     (no shield)
rPois  .         Spirit   .     p - +0 hat
rElec  .         Dismiss  .     o - +0 cloak
rCorr  .         Reflect  .     (no gloves)
SustAt .         Harm     .     (no boots)
MR     .....                    (no amulet)
Stlth  +.........               (no ring)
                                (no ring)

@: flying, not resistant to hostile enchantments, very unstealthy
A: talons 1
a: Depart the Abyss, Bend Space, Renounce Religion


You were on level 3 of the Dungeon.
You worshipped Lugonu.
Lugonu was pleased with you.
You were not hungry.

You visited 1 branch of the dungeon, and saw 3 of its levels.
You visited the Abyss 1 time.

You collected 145 gold pieces.

Inventory:

Hand Weapons
 a - a +1 hand axe (weapon)
Missiles
 g - 8 javelins of penetration (quivered)
Armour
 e - a +0 ring mail (worn)
 o - a +0 cloak (worn)
 p - a +0 hat (worn)
Scrolls
 b - a scroll of amnesia {unknown}
 f - a scroll of magic mapping {unknown}
 i - 3 scrolls of teleportation {unknown}
 j - 4 scrolls of identify {unknown}
 k - a scroll of enchant armour {unknown}
 n - a scroll of remove curse {unknown}
 r - a scroll of blinking {unknown}
 t - a scroll of immolation {unknown}
 u - a scroll of fog {unknown}
Potions
 d - 2 potions of cure mutation
 h - a potion of curing
 m - a potion of haste {unknown}
 s - a potion of flight
 v - a potion of agility {unknown}
Comestibles
 c - a bread ration
 q - a beef jerky


   Skills:
 + Level 3.6 Fighting
 + Level 2.4 Axes
 * Level 3.0 Armour
 + Level 1.6 Dodging
 + Level 2.5 Invocations


You had 3 spell levels left.
You didn't know any spells.

Dungeon Overview and Level Annotations

Branches:
Dungeon (3/15)

Altars:


Innate Abilities, Weirdness & Mutations

You have sharp toenails.


Message History

The orc wizard is heavily wounded.
The orc wizard hits you but does no damage. x2
The orc wizard gestures at you while chanting.
The magic dart hits you!
* * * LOW HITPOINT WARNING * * *
Drink which item? (? for menu, Esc to quit)
It was a potion of flight.
You feel very buoyant.
You fly up into the air.
The orc wizard casts a spell at you. The puff of flame hits you!
* * * LOW HITPOINT WARNING * * *
The orc wizard barely misses you.
The orc wizard hits you but does no damage.
Drink which item? (? for menu, Esc to quit)
It was a potion of degeneration.
There was something very wrong with that liquid.
You feel weakened.
You feel dopey.
You feel clumsy. The orc wizard misses you.
The orc wizard hits you with a dagger.
You die...

#### ...##
....### ......? #
....#
###.#####...#
......).†########
###.#..oo........
#.##@#######.
#.##.# #.##.#
#.##.# #.. #.##.#
#.. ##.##.#
..######...#.#
............#
..####...###


You could see 2 orc wizards.

Vanquished Creatures
  2 adders (D:2)
  2 oozes (D:1)
  A worm (D:2)
  3 dart slugs
  3 giant geckos (D:2)
  3 orcs (D:3)
  3 giant cockroaches (D:2)
  4 hobgoblins
  2 jackals (D:2)
  6 bats
  4 giant newts
  8 goblins
  9 kobolds
  9 rats
59 creatures vanquished.

Notes
Turn   | Place    | Note
--------------------------------------------------------------
     0 | Abyss:1  | Gargoylian the Demonspawn Abyssal Knight began the quest for the Orb.
     0 | Abyss:1  | Reached XP level 1. HP: 18/18 MP: 2/2
    84 | Abyss:1  | Noticed a small abomination
    89 | D:1      | Escaped the Abyss
   177 | D:1      | Reached skill level 1 in Dodging
   364 | D:1      | Reached * piety under Lugonu
   403 | D:1      | Gained mutation: You have sharp toenails. [demonic ancestry]
   403 | D:1      | Reached XP level 2. HP: 19/24 MP: 3/3
  1144 | D:2      | Reached XP level 3. HP: 7/29 MP: 4/4
  2041 | D:2      | Reached ** piety under Lugonu
  2102 | D:2      | Reached XP level 4. HP: 35/35 MP: 5/5
  2767 | D:3      | HP: 1/36 [orc wizard/puff of flame (4)]
  2768 | D:3      | Slain by an orc wizard

Skill      XL: |  1  2  3  4 |
---------------+-------------+-----
Dodging        | 1 |  1.6
Armour         | 2 3 |  3.0
Axes           | 2 |  2.4
Fighting       | |  3.6
Invocations    | |  2.5

Action                   |  1- 3 |  4- 6 || total
-------------------------+-------+-------++-------
Melee: Hand axe          |   152 |    62 ||   214
       Kick              |    21 |    10 ||    31
Invok: Depart the Abyss  |     1 |       ||     1
  Use: Potion            |     1 |     4 ||     5
  Eat: Chunk             |     4 |     2 ||     6
Armor: Ring mail         |    70 |    34 ||   104
Dodge: Dodged            |    88 |    42 ||   130
